Map: Neon Violet Square LE

Players

axu

  • Race: Protoss Protoss
  • League: Platinum
  • Spawn Location: 5:00

Cubanomiasca - Winner!

  • Race: Zerg Zerg
  • League: Diamond
  • Spawn Location: 11:00

VOD

Have the link to the VOD?

Description

Time

  • Played on: Jan. 12, 2018, 1:23 p.m.
  • Length: 2:54
Show
View Real Time Build Order
Export as new Build Order

axu Protoss 

Build Orders:  

Get SALT Encoding   

  12  0:01  Probe  
  13  0:13  Probe  
  14  0:24  Pylon  
  14  0:33  Probe  
  15  0:44  Gateway  
  15  0:45  Probe  
  16  0:57  Assimilator  
  16  0:58  Probe  
  17  1:10  Probe  
  18  1:24  Probe  
  18  1:34  Zealot (Chrono Boost)  
  18  1:39  Probe  
  21  1:45  Gateway  
  21  1:47  Cybernetics Core  
  21  1:51  Pylon  
  22  1:54  Probe  
  22  2:05  Pylon  
  22  2:44  Assimilator  
  22  2:46  Pylon  
Show
View Real Time Build Order
Export as new Build Order

Cubanomiasca Zerg - Winner!

Build Orders: Pool First 

Get SALT Encoding   

  12  0:19  Spawning Pool  
  11  0:22  Drone  
  11  0:27  Drone  
  13  0:31  Drone  
  14  0:41  Overlord  
  14  1:06  Queen, Zergling x2  
  14  1:07  Zergling x4  
  19  1:16  Extractor  
  18  1:19  Zergling x2  
  19  1:44  Hatchery  
  18  1:56  Drone x3  
  18  1:58  Extractor  
  19  2:29  Overlord  
  19  2:30  Drone x2, Zergling x2  
Tags
 
Add a new tag
Caveats
  • Supply blocks, unpowered buildings, or Contaminate may cause inaccurate times.
  • Supply counts are checked every 10 seconds.